 Dungeon Crawl Stone Soup version 0.30-a0-170-g85af917532 (webtiles) character file.

Game seed: 9582498491712134012

44 qw the Shield-Bearer (level 3, -1/23 HPs)
             Began as a Gargoyle Fighter on Sept 30, 2022.
             Killed by divine providence
             ... invoked by an orc priest
              (14 damage)
             ... on level 3 of the Dungeon.
             The game lasted 00:00:33 (2244 turns).

qw the Shield-Bearer (Gargoyle Fighter)             Turns: 2244, Time: 00:00:33

Health: -1/23      AC: 12    Str: 21    XL:     3   Next: 62%
Magic:  3/3        EV:  7    Int:  8    God:
Gold:   109        SH:  4    Dex:  9    Spells: 2/2 levels left

rFire   . . .      SeeInvis .    Y - +0 war axe
rCold   . . .      Faith    .    c - +0 buckler
rNeg    + . .      Spirit   .    j - +0 chain mail
rPois   inf        Reflect  .    (no helmet)
rElec   +          Harm     .    (no cloak)
rCorr   .          Rampage  .    (no gloves)
Will    .....                    (no boots)
Stlth   ..........               (no amulet)
HPRegen 0.07/turn                (no ring)
MPRegen 0.08/turn                (no ring)

@: no status effects
A: sickness immunity, AC +3, negative energy resistance 1, electricity
resistance, torment resistance 1, petrification resistance
a: no special abilities


You were on level 3 of the Dungeon.
You visited 1 branch of the dungeon, and saw 3 of its levels.

You collected 109 gold pieces.


Innate Abilities, Weirdness & Mutations

You are immune to sickness and miasma.
Your stone body is resilient. (AC +3)
You are immune to poison.
You resist negative energy. (rN+)
You are resistant to electric shocks. (rElec)
You are resistant to unholy torment.
You are immune to petrification.


   Skills:
 - Level 3.2 Fighting
 + Level 3.2 Axes
 - Level 1.0 Throwing
 - Level 3.2 Armour
 - Level 3.2 Shields


You had 2 spell levels left.
You didn't know any spells.
Your spell library was empty.

Inventory:

Hand Weapons
 h - a +0 club
 Y - a +0 war axe (weapon)
Missiles
 g - 6 javelins (quivered)
 n - 6 boomerangs
Armour
 c - a +0 buckler (worn)
 j - a +0 chain mail (worn)
Scrolls
 a - 2 scrolls of teleportation
 m - a scroll of identify
 o - a scroll of amnesia {unknown}
Potions
 b - a potion of curing {unknown}
 d - a potion of might
 e - a potion of brilliance {unknown}
 f - a potion of haste {unknown}
 i - a potion of attraction {unknown}
 k - a potion of flight {unknown}
 l - a potion of cancellation {unknown}

Dungeon Overview and Level Annotations

Branches:
Dungeon (3/15)

Altars:


Message History

Press: ? - help, Q - select action, (/) - cycle Shift-Dir - straight line, f/p - kobold You throw a javelin.
The javelin pierces through the kobold!
You kill the kobold!
Things that are here:
a +0 dagger; 3 stones; a kobold corpse
g - 6 javelins (gained 2)
There is a stone staircase leading down here.
Found a war axe.
Enter note: You now have 109 gold pieces (gained 9).
a - 2 scrolls of teleportation (gained 1)
An orc comes into view. It is wielding a +0 short sword.
The orc shouts!
Enter note:
Enter note: Throw: 6 javelins
Press: ? - help, Q - select action, (/) - cycle Shift-Dir - straight line, f - orc You throw a javelin.
The javelin pierces through the orc.
The orc is heavily wounded.
You slash the orc!
You kill the orc!
o - a scroll labelled PARIAZX MIRI
g - 6 javelins (gained 1)
An orc priest comes into view. It is wielding a +0 club.
2238 ||| Stepping ~*~*~tactically~*~*~ (hiding).
You start waiting.
An orc priest is nearby!
2241 ||| Stepping ~*~*~tactically~*~*~ (hiding).
The orc priest invokes the aid of Beogh against you.
Beogh smites you!
You hear a shout!
A hobgoblin and a kobold come into view.
The kobold is wielding a +0 short sword and quivering poisoned darts.
The hobgoblin shouts!
The kobold shouts!
You hear a shout! x2
An orc comes into view. It is wielding a +0 hand axe.
An orc comes into view. It is wielding a +0 whip.
The orc priest calls down the wrath of Beogh upon you.
Beogh smites you!
Ouch! That really hurt!
You die...

###########
#.........#
##.###.#.#.#
##..#
##)#.##
#..##
#.###.#
##.##
##.#.##
##..# #.#.#
#####..##
##.#.##
#o@...##
#.###.#
.......#####
##.#.##
.......
#.#.#
o......
##.#.##
o....##
#.###.#
....g
##.#.## K...
#.#.# ....
##.#.##
#.###.#


You could see an orc priest, 2 orcs, a hobgoblin and a kobold.

Vanquished Creatures
  A dart slug (D:2)
  An orc (D:3)
  5 bats
  4 endoplasms
  4 hobgoblins (D:1)
  3 jackals (D:1)
  3 kobolds
  2 quokkas (D:1)
  3 ball pythons (D:1)
  4 frilled lizards
  2 goblins
  5 rats
37 creatures vanquished.

Notes
Turn   | Place    | Note
-------+----------+-------------------------------------------
     0 | D:1      | qw the Gargoyle Fighter began the quest for the Orb.
     0 | D:1      | Reached XP level 1. HP: 14/14 MP: 1/1
     0 | D:1      | 0 ||| qw: Version: 0.2-a-12-gaebbb33
     0 | D:1      | 0 ||| qw: Game counter: 1526
     0 | D:1      | 0 ||| qw: Always use a shield: true
     0 | D:1      | 0 ||| qw: God list: Okawaru
     0 | D:1      | 0 ||| qw: Allow faded altars: false
     0 | D:1      | 0 ||| qw: Do Orc after D:15 true
     0 | D:1      | 0 ||| qw: Do second Lair branch before Depths: true
     0 | D:1      | 0 ||| qw: Lair rune preference: random
     0 | D:1      | 0 ||| qw: Plans: Normal, Zot:1-4, God:TSO, Crypt, Tomb,
                  | Pan, Slime:5, Hells, Abyss, Orb
     0 | D:1      | 0 ||| PLANNING D:1-11
    35 | D:1      | 35 ||| Stepping ~*~*~tactically~*~*~ (stealth).
    45 | D:1      | 45 ||| Stepping ~*~*~tactically~*~*~ (stealth).
    47 | D:1      | 47 ||| Stepping ~*~*~tactically~*~*~ (stealth).
    48 | D:1      | 48 ||| Stepping ~*~*~tactically~*~*~ (stealth).
    56 | D:1      | 56 ||| Stepping ~*~*~tactically~*~*~ (stealth).
    57 | D:1      | 57 ||| Stepping ~*~*~tactically~*~*~ (stealth).
    58 | D:1      | 58 ||| Stepping ~*~*~tactically~*~*~ (stealth).
    76 | D:1      | 76 ||| Stepping ~*~*~tactically~*~*~ (stealth).
   215 | D:1      | Reached XP level 2. HP: 19/19 MP: 2/2
   335 | D:1      | 335 ||| Stepping ~*~*~tactically~*~*~ (stealth).
   339 | D:1      | 339 ||| Stepping ~*~*~tactically~*~*~ (stealth).
   374 | D:1      | 374 ||| Stepping ~*~*~tactically~*~*~ (stealth).
   385 | D:1      | Reached skill level 3 in Axes
   388 | D:1      | 388 ||| Stepping ~*~*~tactically~*~*~ (stealth).
   389 | D:1      | 389 ||| Stepping ~*~*~tactically~*~*~ (stealth).
   578 | D:1      | Reached XP level 3. HP: 23/23 MP: 3/3
  1019 | D:1      | 1019 ||| UPGRADING to +0 chain mail.
  1029 | D:1      | 1029 ||| DROPPING +0 scale mail.
  1030 | D:1      | 1030 ||| DROPPING ring of flight.
  1031 | D:1      | 1031 ||| READING scroll labelled ASSIFE FA NID.
  1032 | D:1      | 1032 ||| READING scroll labelled FYANITT VUEBE.
  1245 | D:2      | Reached skill level 1 in Throwing
  1250 | D:2      | 1250 ||| Stepping ~*~*~tactically~*~*~ (hiding).
  1665 | D:2      | Found a faded altar of an unknown god.
  2056 | D:2      | 2056 ||| READING 2 scrolls labelled EGAKKEU SUHO.
  2059 | D:2      | 2059 ||| READING scroll labelled ILUAJ WIUFU.
  2060 | D:2      | 2060 ||| READING scroll labelled NICOPH XELEHUOCIS.
  2238 | D:3      | 2238 ||| Stepping ~*~*~tactically~*~*~ (hiding).
  2241 | D:3      | 2241 ||| Stepping ~*~*~tactically~*~*~ (hiding).
  2244 | D:3      | Killed from afar by an orc priest

Levels and vault maps discovered:
D:1:      amcnicky_arrival_blooded_trapdoor, layout_basic
D:2:      layout_basic, shapermc_ecumenical_altar_acropolis, kennysheep_boxes
D:3:      layout_rooms, palyth_temple_overflow_mages, dk_xom_monty_hall,
          grunt_ministairs_10, roderic_roman_lattice, dk_noncrumbling_4,
          uniq_robin

Skill      XL: |  1  2  3 |
---------------+----------+-----
Axes           | 2 3 |  3.2
Throwing       | 1 |  1.0
Fighting       | |  3.2
Armour         | |  3.2
Shields        | |  3.2

Action                   || total
-------------------------++-------
Melee: War axe           ||    81
Throw: Javelin           ||    34
  Use: Scroll            ||     5
Armor: Scale mail        ||    32
       Chain mail        ||    13
Dodge: Dodged            ||    36
Block: Buckler           ||    19

Table legend:
 A = Non-vault XP
 B = Vault XP
 C = Vault XP percentage of total XP
 D = Non-vault monster count
 E = Vault monster count
 F = Vault count percentage of total count
                 A         B        C        D         E       F
            +---------+---------+-------+---------+---------+-------
      Total |      62 |       2 |   3.1 |      35 |       2 |   5.4
            +---------+---------+-------+---------+---------+-------
        D:1 |      40 |       0 |   0.0 |      24 |       0 |   0.0
        D:2 |      15 |       0 |   0.0 |       8 |       0 |   0.0
        D:3 |       7 |       2 |  22.2 |       3 |       2 |  40.0
            +---------+---------+-------+---------+---------+-------
